AoeStats
← AxD | Cad Bane

MegaRandom

507171074Analyzed
2v2 RM · 15d ago on Sep 17, 2026· 57m 31s· 4 players
Game mode
Random Map
Map size
Medium (4 player)
Population
200
Speed
Normal
Resources
Standard
Victory
Conquest
Starting age
Dark Age
Ending age
Imperial Age
RankedLock teamsTeams togetherTeam positionsShared explorationLock speedFull tech treeHidden civsTurbo modeCheats
Victory
Defeat
🇨🇱 Tupi · Chile
1591
+14
🇦🇷 Spanish · Argentina
1527
+17
🇦🇷 Burgundians · Argentina
1563
-16
🇦🇷 Aztecs · Argentina
1541
-15
CeCa_Sebanico010
6:34 Loom
9:48 Feudal Age
10:27 Double-Bit Axe
10:23 Horse Collar
21:35 Castle Age
21:06 Bow Saw
20:56 Heavy Plow
28:43 Husbandry
30:12 Scale Barding Armor
35:03 Forging
35:17 Chain Barding Armor
38:11 Imperial Age
37:31 Iron Casting
38:48 Two-Man Saw
38:19 Crop Rotation
37:40 Gold Mining
37:41 Stone Mining
39:09 Wheelbarrow
39:45 Conscription
39:13 Town Watch
40:06 Gold Shaft Mining
38:58 Light Cavalry
40:47 Plate Barding Armor
40:26 Fletching
42:33 Blast Furnace
42:00 Elite Coustillier
54:34 Bodkin Arrow
55:28 Hand Cart
57:09 Hussar
CeCa_Mascherano014
0:26 Loom
7:17 Loom
9:40 Feudal Age
11:48 Double-Bit Axe
12:23 Fletching
12:53 Horse Collar
18:02 Padded Archer Armor
24:14 Castle Age
22:21 Gold Mining
24:34 Wheelbarrow
24:17 Crossbowman
24:53 Bodkin Arrow
25:17 Town Watch
26:37 Ballistics
35:48 Imperial Age
35:51 Bow Saw
36:39 Bracer
39:14 Chemistry
41:36 Arbalester
43:19 Elite Jaguar Warrior
44:58 Conscription
51:45 Scale Mail Armor
AxD | Cad Bane
8:00 Loom
8:48 Loom
11:15 Feudal Age
16:26 Castle Age
14:41 Double-Bit Axe
14:51 Champi Runner
16:29 Champi Warrior
17:48 Scale Mail Armor
17:49 Horse Collar
19:02 Squires
20:10 Chain Mail Armor
20:27 Bow Saw
24:18 Forging
27:57 Wheelbarrow
28:14 Stone Mining
29:29 Heavy Plow
29:24 Town Watch
29:57 Gold Mining
36:01 Imperial Age
34:30 Gold Shaft Mining
34:30 Arson
35:39 Hand Cart
36:07 Elite Champi Warrior
37:30 Plate Mail Armor
37:36 Iron Casting
38:13 Caciques
38:31 Conscription
39:13 Fletching
41:27 Elite Ibirapema Warrior
43:54 Bodkin Arrow
44:22 Ballistics
45:03 Chemistry
43:49 Arrowslits
43:45 Treadmill Crane
45:01 Bracer
46:15 Hoardings
48:19 Two-Man Saw
49:15 Curare
52:03 Capped Ram
53:43 Siege Ram
55:35 Pikeman
56:33 Halberdier
57:41 Caravan
AxD | Keiokenkun-Uno-Puro
7:22 Loom
10:17 Feudal Age
16:02 Castle Age
14:46 Double-Bit Axe
18:10 Horse Collar
27:43 Bow Saw
28:25 Gold Mining
28:26 Stone Mining
31:01 Scale Barding Armor
31:59 Husbandry
32:13 Bloodlines
36:47 Imperial Age
37:03 Forging
37:44 Chain Barding Armor
37:07 Cavalier
38:54 Wheelbarrow
39:19 Conscription
40:42 Plate Barding Armor
41:43 Town Watch
45:19 Heavy Plow
46:22 Hand Cart
47:00 Forging
46:50 Light Cavalry
48:44 Hussar
50:21 Supremacy
50:26 Paladin
52:16 Hoardings
53:02 Iron Casting
Connection lost

Rejoining the realm…

Still unreachable

The connection could not be restored.

Session expired

The server has moved on; the page needs a fresh start.